 Dungeon Crawl Stone Soup version 0.24.0-124-g2791043dd8 (webtiles) character file.

Game seed: 14783041407101260190, levelgen mode: deterministic

112 magipi the Ducker (level 4, -1/37 HPs)
             Began as a Minotaur Summoner on Feb 14, 2020.
             Slain by an orc priest
             ... wielding a +0 morningstar
              (7 damage)
             ... on level 4 of the Dungeon.
             The game lasted 00:07:04 (2979 turns).

magipi the Ducker (Minotaur Summoner)               Turns: 2979, Time: 00:07:04

Health: -1/37      AC: 11    Str: 14    XL:     4   Next: 64%
Magic:  5/5        EV:  7    Int: 12    God:
Gold:   189        SH:  0    Dex: 10    Spells: 5/6 levels left

rFire    . . .     SeeInvis .   b - +0 short sword
rCold    . . .     Gourm    .   (no shield)
rNeg     . . .     Faith    .   l - +0 chain mail
rPois    .         Spirit   .   (helmet restricted)
rElec    .         Reflect  .   y - scarf {repulsion}
rCorr    .         Harm     .   z - +2 pair of gloves
MR       .....                  (no boots)
Stlth    ..........             (no amulet)
HPRegen  0.12/turn              (no ring)
MPRegen  0.09/turn              (no ring)

@: repel missiles
A: retaliatory headbutt, horns 2
a: no special abilities


You were on level 4 of the Dungeon.
You were not hungry.

You visited 1 branch of the dungeon, and saw 4 of its levels.

You collected 189 gold pieces.

Inventory:

Hand Weapons
 b - a +0 short sword (weapon)
   (You found it on level 1 of the Dungeon)
Missiles
 d - 11 poisoned darts (quivered)
 i - 8 silver javelins
 s - 7 curare-tipped darts
Armour
 l - a +0 chain mail (worn)
   (You found it on level 2 of the Dungeon)
 y - a scarf of repulsion (worn)
   (You found it on level 3 of the Dungeon)
 z - a +2 pair of gloves (worn)
   (You found it on level 3 of the Dungeon)
Jewellery
 j - an uncursed amulet of faith {unknown}
   (You found it on level 1 of the Dungeon)
 o - an uncursed amulet of regeneration {unknown}
   (You found it on level 2 of the Dungeon)
 A - an uncursed ring of magical power {unknown}
   (You found it on level 4 of the Dungeon)
Scrolls
 c - a scroll of enchant armour {unknown}
 k - a scroll of teleportation {unknown}
 n - a scroll of fog {unknown}
 q - a scroll of amnesia {unknown}
 v - a scroll of remove curse {unknown}
 w - a scroll of enchant weapon {unknown}
 B - a scroll of fear {unknown}
Potions
 a - a potion of brilliance {unknown}
 e - 2 potions of flight {unknown}
 f - 2 potions of lignification {unknown}
 g - 4 potions of haste {unknown}
 h - a potion of berserk rage {unknown}
 m - a potion of heal wounds {unknown}
 p - 2 potions of invisibility {unknown}
 r - a potion of curing {unknown}
 t - 2 potions of agility {unknown}
 u - a potion of might {unknown}
Comestibles
 x - 4 rations
 C - a chunk of flesh


   Skills:
 + Level 2.4 Fighting
 + Level 2.0 Throwing
 + Level 0.7 Armour
 + Level 3.3 Dodging
 - Level 1.5 Stealth
 - Level 1.6 Spellcasting
 - Level 3.1 Summonings


You had 5 spell levels left.
You knew the following spells:

 Your Spells              Type           Power        Failure   Level  Hunger
a - Summon Small Mammal   Summ           #...         92%         1    ##.....

Your spell library contained the following spells:

 Spells                   Type           Power        Failure   Level  Hunger
 Call Imp                 Summ           #.......     98%         2    ###....
 Call Canine Familiar     Summ           #.......     100%        3    ####...
 Summon Guardian Golem    Hex/Summ       #.......     100%        3    ####...
 Summon Ice Beast         Ice/Summ       #.......     100%        4    #####..
 Summon Lightning Spire   Summ/Air       #.......     100%        4    #####..


Dungeon Overview and Level Annotations

Branches:
Dungeon (4/15)
 Temple: D:4-7

Altars:
Makhleb


Innate Abilities, Weirdness & Mutations

You reflexively headbutt those who attack you in melee.
You have a pair of horns on your head.


Message History

The leopard gecko closely misses you.
The leopard gecko bites you but does no damage.
You miss the leopard gecko.
The leopard gecko bites you but does no damage.
You hit the leopard gecko but do no damage.
The leopard gecko bites you but does no damage.
You miss the leopard gecko. The leopard gecko barely misses you.
The leopard gecko bites you.
You barely miss the leopard gecko.
The leopard gecko bites you but does no damage.
You barely miss the leopard gecko.
The leopard gecko bites you but does no damage.
You hit the leopard gecko but do no damage.
Your headbutt misses the leopard gecko. The leopard gecko bites you.
The leopard gecko bites you but does no damage.
Your chain mail prevents you from hitting the leopard gecko.
You headbutt the leopard gecko.
You kill the leopard gecko!
The orc shouts!
You see here a ruby ring.
Unknown command.
A - a ruby ring The adder hisses angrily.
An orc priest comes into view. It is wielding a +0 morningstar.
The orc priest shouts!
You see here a dagger.
Press: ? - help, v - describe, . - travel, g - get item
Here: an orc priest, wielding a +0 morningstar A dagger.
The floor.
Unknown command.
There is a stone staircase leading up here.
You climb upwards.
There is a stone staircase leading down here.
You climb downwards.
The orc shouts!
The orc barely misses you. The orc hits you but does no damage.
There is a stone staircase leading up here.
Unknown command.
Unknown command.
The orc hits you with a +0 dagger.
You climb upwards.
There is a stone staircase leading down here.
Unknown command.
You barely miss the orc. You headbutt the orc.
The orc is severely wounded.
The orc hits you but does no damage.
You hit the orc. Your headbutt misses the orc.
The orc is almost dead.
The orc hits you but does no damage.
You puncture the orc!
You kill the orc!
No target in view!
No target in view!
No target in view!
Things that are here:
a +0 dagger; an orc corpse You butcher the orc corpse.
C - a chunk of flesh
Things that are here:
a +0 dagger; an orc skeleton You start waiting.
Done waiting.
There is a stone staircase leading down here.
You climb downwards.
The orc priest hits you but does no damage.
There is a stone staircase leading up here.
Unknown command.
You hit the orc priest. Your headbutt misses the orc priest.
The orc priest is moderately wounded.
The orc priest hits you with a +0 morningstar!
You closely miss the orc priest.
The orc priest is moderately wounded.
The orc priest hits you with a +0 morningstar.
You closely miss the orc priest. Your headbutt misses the orc priest.
The orc priest is moderately wounded.
The orc priest closely misses you.
You barely miss the orc priest.
The orc priest is moderately wounded.
The orc priest hits you with a +0 morningstar!
Unknown command.
Unknown command.
You hit the orc priest. Your headbutt misses the orc priest.
The orc priest is severely wounded.
The orc priest hits you but does no damage.
Unknown command.
Your chain mail prevents you from hitting the orc priest.
The orc priest is severely wounded.
The orc priest invokes the aid of Beogh against you.
Pain shoots through your body!
* * * LOW HITPOINT WARNING * * *
Unknown command.
Your chain mail prevents you from hitting the orc priest.
The orc priest is severely wounded.
The orc priest hits you but does no damage.
Unknown command.
You closely miss the orc priest.
The orc priest is severely wounded.
The orc priest hits you with a +0 morningstar!
You die...

### #@# #o# #o# #S# #.#
#.###########
########)...........
.......#..########## ####
#####...#..#####...####...


You could see an orc priest, an adder and an orc.

Vanquished Creatures
  7 adders
  An ooze (D:2)
  A worm (D:2)
  3 leopard geckos
  3 orcs (D:3)
  3 bats (D:3)
  3 giant cockroaches
  5 goblins
  3 hobgoblins
  3 frilled lizards (D:1)
  4 kobolds
  6 rats
42 creatures vanquished.

Notes
Turn   | Place    | Note
-------+----------+-------------------------------------------
     0 | D:1      | magipi the Minotaur Summoner began the quest for the Orb.
     0 | D:1      | Reached XP level 1. HP: 14/14 MP: 1/1
   559 | D:1      | Reached XP level 2. HP: 22/22 MP: 1/3
   733 | D:2      | Reached skill level 1 in Fighting
   962 | D:2      | Reached skill level 1 in Throwing
   962 | D:2      | Reached XP level 3. HP: 19/28 MP: 4/4
  1660 | D:2      | Reached XP level 4. HP: 27/36 MP: 5/5
  2563 | D:4      | Found a burning altar of Makhleb.
  2979 | D:4      | Slain by an orc priest

Levels and vault maps discovered:
D:1:      wander_arrival_fairy_ring, layout_loops_ring
D:2:      layout_rooms
D:3:      layout_basic
D:4:      layout_basic, overflow_temple_1_default, hangedman_decor_peaks_small,
          skrybe_limestone_x, minmay_ruptured

Skill      XL: |  1  2  3  4 |
---------------+-------------+-----
Summonings     | 3 |  3.1
Fighting       | 1 2 |  2.4
Throwing       | 1 2 |  2.0
Dodging        | 3 |  3.3
Armour         | |  0.7
Stealth        | |  1.5
Spellcasting   | |  1.6

Action                   |  1- 3 |  4- 6 || total
-------------------------+-------+-------++-------
Melee: Short sword       |    86 |    80 ||   166
       Headbutt          |     9 |     5 ||    14
 Cast: Summon Small Mamm |     6 |       ||     6
 Stab: Sleeping          |     3 |       ||     3
  Eat: Chunk             |     1 |     2 ||     3
       Ration            |       |     1 ||     1
Armor: Chain mail        |    29 |    63 ||    92
       Robe              |     4 |       ||     4
Dodge: Dodged            |    39 |    37 ||    76
       Deflected         |       |     2 ||     2

Action                   |  1- 3 |  4- 6 || total
-------------------------+-------+-------++-------
Melee: Short sword       |    86 |    80 ||   166
       Headbutt          |     9 |     5 ||    14
 Cast: Summon Small Mamm |     6 |       ||     6
 Stab: Sleeping          |     3 |       ||     3
  Eat: Chunk             |     1 |     2 ||     3
       Ration            |       |     1 ||     1
Armor: Chain mail        |    29 |    63 ||    92
       Robe              |     4 |       ||     4
Dodge: Dodged            |    39 |    37 ||    76
       Deflected         |       |     2 ||     2
